 Dungeon Crawl Stone Soup version 0.30-a0-458-g86641cc369 (webtiles) character file.

Game seed: 11118934444641601876

89 Alfie the Trooper (level 4, -2/40 HPs)
             Began as a Hill Orc Fighter on Dec 14, 2022.
             Slain by an orc priest
             ... wielding a +0 mace
              (6 damage)
             ... on level 3 of the Dungeon.
             The game lasted 00:03:44 (1579 turns).

Alfie the Trooper (Hill Orc Fighter)                Turns: 1579, Time: 00:03:45

Health: -2/40      AC:  8    Str: 20    XL:     4   Next: 55%
Magic:  4/4        EV:  9    Int:  8    God:
Gold:   151        SH:  4    Dex: 10    Spells: 3/3 levels left

rFire   . . .      SeeInvis .    a - +0 long sword
rCold   . . .      Faith    .    c - +0 buckler
rNeg    . . .      Spirit   .    b - +0 scale mail
rPois   .          Reflect  .    e - +0 helmet
rElec   .          Harm     .    (no cloak)
rCorr   .          Rampage  .    (no gloves)
Will    .....                    (no boots)
Stlth   ..........               (no amulet)
HPRegen 0.26/turn                (no ring)
MPRegen 0.09/turn                (no ring)

@: no status effects
A: no striking features
a: Convert to Beogh


You were on level 3 of the Dungeon.
You visited 1 branch of the dungeon, and saw 3 of its levels.

You collected 151 gold pieces.

Inventory:

Hand Weapons
 a - a +0 long sword (weapon)
Armour
 b - a +0 scale mail (worn)
 c - a +0 buckler (worn)
 e - a +0 helmet (worn)
Jewellery
 h - a ring of ice
 j - a ring of protection from fire
Wands
 l - a wand of digging (5)
Scrolls
 i - a scroll of poison
Potions
 d - a potion of might
 f - 3 potions of curing
 g - a potion of berserk rage {unknown}
 k - 2 potions of attraction
 m - a potion of lignification {unknown}
 n - a potion of flight {unknown}


   Skills:
 + Level 4.1 Fighting
 + Level 3.4 Long Blades
 + Level 3.7 Armour
 + Level 0.9 Dodging
 + Level 4.0 Shields


You had 3 spell levels left.
You didn't know any spells.
Your spell library contained the following spells:

 Spells                   Type           Power      Damage    Failure   Level
 Freeze                   Ice            0%         1d3       85%         1
 Frozen Ramparts          Ice            0%         1d1       99%         3
 Hailstorm                Conj/Ice       0%         3d3       99%         3
 Inner Flame              Hex/Fire       0%         N/A       99%         3
 Cause Fear               Hex            0%         N/A       100%        4
 Discord                  Hex            0%         N/A       100%        8


Dungeon Overview and Level Annotations

Branches:
Dungeon (3/15)

Altars:


Message History

You hit the orc but do no damage.
The orc is lightly wounded.
The orc hits you with a +0 mace.
The orc priest looks encouraged for a moment.
You hit the orc.
The orc is moderately wounded.
The orc misses you. The orc hits you but does no damage.
You hit the orc but do no damage.
The orc is moderately wounded.
The orc hits you with a +0 mace.
You hit the orc.
The orc is severely wounded.
The orc priest threatens, "By the altar or by the axe, you will meet Beogh!"
The orc hits you but does no damage.
You hit the orc but do no damage.
The orc is severely wounded.
The orc priest shouts, "Join the one true god or die!"
The orc hits you with a +0 mace.
You slash the orc!
You kill the orc!
The orc priest looks braver for a moment.
You hit the orc priest but do no damage.
The orc priest hits you but does no damage.
You barely miss the orc priest.
The orc priest mumbles some strange prayers to Beogh against you.
Beogh smites you!
You closely miss the orc priest.
The orc priest shouts, "Beogh is our master!
Accept the truth or die!"
The orc priest barely misses you.
You hit the orc priest but do no damage.
The orc priest hits you with a +0 mace!
* * * LOW HITPOINT WARNING * * *
The orc priest hits you with a +0 mace.
* * * LOW HITPOINT WARNING * * *
You hit the orc priest but do no damage.
The orc priest hits you with a +0 mace.
* * * LOW HITPOINT WARNING * * *
You hit the orc priest but do no damage.
The orc priest hits you with a +0 mace.
You die...

#.#.# #.# #.#
#.#.# #.# #.#
#.#.# #.#
#.####### #.#.#
#.#
########.......#
#.#.# #.#
.........####.##
#.# ########.#
#)# ########.#
#.oo@....#
#.########
#.o.o..o.
#..###.#. ....
.#.## #. .# #.
.# #. .#


You could see an orc priest and an orc.

Vanquished Creatures
  4 adders (D:2)
  An orc (D:3)
  5 ball pythons
  3 endoplasms
  3 giant cockroaches (D:2)
  6 goblins
  5 hobgoblins
  4 jackals (D:1)
  5 kobolds
  2 quokkas
  2 bats
  3 frilled lizards
  7 rats
50 creatures vanquished.

Notes
Turn   | Place    | Note
-------+----------+-------------------------------------------
     0 | D:1      | Alfie the Hill Orc Fighter began the quest for the Orb.
     0 | D:1      | Reached XP level 1. HP: 19/19 MP: 1/1
    36 | D:1      | Reached XP level 2. HP: 26/27 MP: 2/2
   686 | D:1      | Reached XP level 3. HP: 33/33 MP: 3/3
   994 | D:2      | Reached XP level 4. HP: 40/40 MP: 4/4
  1579 | D:3      | Slain by an orc priest

Illustrated notes

Levels and vault maps discovered:
D:1:      minmay_arrival_checkered_box, layout_basic
D:2:      layout_basic
D:3:      layout_basic, ebering_ghost_inner_flame

Skill      XL: |  1  2  3  4 |
---------------+-------------+-----
Fighting       | 4 |  4.1
Long Blades    | 3 |  3.4
Shields        | 4 |  4.0
Armour         | |  3.7
Dodging        | |  0.9

Action                   |  1- 3 |  4- 6 || total
-------------------------+-------+-------++-------
Melee: Long sword        |   117 |    59 ||   176
  Use: Scroll            |     4 |     2 ||     6
Armor: Scale mail        |    70 |    30 ||   100
Dodge: Dodged            |    44 |    25 ||    69
Block: Buckler           |    30 |    14 ||    44

Table legend: (Time is in decaauts)
 A = Elapsed time spent in this place.
 B = Non-inter-level travel time spent in this place.
 C = Inter-level travel time spent in this place.
 D = Time resting spent in this place.
 E = Time spent auto-exploring this place.
 F = Levels seen in this place.
 G = Mean time per level.
                   A        B        C        D        E       F      G
               +--------+--------+--------+--------+--------+-----+--------+
         Total |   1631 |   1613 |     18 |      0 |   1102 |   3 |  543.7 |
       Dungeon |   1631 |   1613 |     18 |      0 |   1102 |   3 |  543.7 |
               +--------+--------+--------+--------+--------+-----+--------+

Top non-repeatable levels by time:
     D:1: 835 daAuts
     D:2: 682 daAuts
     D:3: 113 daAuts
